details: 'farewell jewish people'

« prev index next »

General information

Mini Map

Players

team 1
Random» NightElfBloodofwar- (pink | 25 APM | 1135 actions | 44:35)
Hero icon 6 Demon Hunter
Ability icon 3 Mana Burn
Ability icon 2 Evasion
Ability icon 1 Metamorphosis

» actions
Assign group hotkey12
Basic commands2
Build / train57
Enter build submenu25
Enter hero's abilities submenu6
Remove unit from queue1
Right click474
Select / deselect346
Select group hotkey168
Use ability44
1135 total
» units
Wisp13
Archer3
Huntress4
Chimaera6
Hippogryph10
36 total
» upgrades
Strength of the Wild3
Reinforced Hides3
Well Spring1
Ultravision1
Corrosive Breath1
9 total
» buildings
Moon Well10
Altar of Elders1
Ancient of War1
Hunter's Hall1
Tree of Ages1
Ancient Protector7
Ancient of Wind1
Tree of Eternity1
Chimaera Roost2
Ancient of Wonders1
Tree of Life1
27 total
» build order
00:12 Moon Well
00:19 Altar of Elders
00:25 Ancient of War
01:46 Moon Well
02:44 Moon Well
02:48 Hunter's Hall
03:43 Moon Well
03:58 Tree of Ages
04:43 Moon Well
05:13 Ancient Protector
05:20 Ancient Protector
06:18 Moon Well
06:33 Ancient of Wind
07:36 Tree of Eternity
07:41 Moon Well
08:54 Moon Well
08:58 Moon Well
11:03 Moon Well
11:08 Chimaera Roost
11:13 Chimaera Roost
13:01 Ancient of Wonders
17:31 Ancient Protector
17:35 Ancient Protector
17:39 Ancient Protector
17:44 Ancient Protector
17:56 Ancient Protector
27:49 Tree of Life
» items
Scroll of Town Portal2
2 total
NightElfGoodbye.Jews. (blue | 49 APM | 3063 actions | 62:26)
Hero icon 7 Warden
Ability icon 3 Blink
Ability icon 3 Fan of Knives
Ability icon 1 Spirit of Vengeance

» actions
Assign group hotkey85
Basic commands101
Build / train104
ESC pressed2
Enter build submenu34
Enter hero's abilities submenu10
Give item / drop item12
Remove unit from queue2
Right click1495
Select / deselect563
Select group hotkey422
Use ability232
3063 total
» units
Wisp33
Dryad14
Mountain Giant3
Druid of the Claw1
Druid of the Talon2
53 total
» upgrades
Ultravision1
Strength of the Wild3
Reinforced Hides3
Abolish Magic1
Nature's Blessing1
Resistant Skin1
Well Spring1
Backpack1
Hardened Skin1
Druid of the Claw Training2
Strength of the Moon4
Druid of the Talon Training2
Mark of the Claw1
Moon Armor4
Mark of the Talon1
27 total
» buildings
Altar of Elders1
Moon Well8
Ancient of Wonders2
Tree of Ages2
Hunter's Hall1
Ancient Protector9
Tree of Eternity2
Ancient of Lore2
Tree of Life2
Ancient of Wind1
30 total
» build order
00:06 Altar of Elders
00:11 Moon Well
01:08 Moon Well
01:22 Moon Well
01:33 Ancient of Wonders
02:16 Moon Well
02:52 Tree of Ages
03:47 Hunter's Hall
05:01 Ancient Protector
05:05 Ancient Protector
05:22 Moon Well
06:15 Ancient Protector
06:21 Moon Well
07:09 Tree of Eternity
07:09 Tree of Eternity
08:26 Ancient of Lore
08:51 Ancient of Lore
12:34 Ancient Protector
13:35 Ancient Protector
14:51 Ancient Protector
15:57 Ancient Protector
18:06 Moon Well
18:11 Moon Well
18:56 Tree of Life
20:22 Ancient of Wind
21:55 Ancient Protector
21:59 Ancient Protector
27:34 Ancient of Wonders
27:59 Tree of Life
32:37 Tree of Ages
» items
Moonstone1
Dust of Appearance1
Potion of Healing1
Boots of Speed1
Staff of Teleportation1
Orb of Venom2
Periapt of Vitality1
Scroll of Healing1
Scroll of Protection1
10 total
NightElfWARDENWELLS (teal | 41 APM | 2551 actions | 62:25)
Hero icon 7 Warden
Ability icon 3 Shadow Strike
Ability icon 3 Blink
Ability icon 1 Spirit of Vengeance

» actions
Assign group hotkey57
Basic commands143
Build / train95
Enter build submenu34
Enter hero's abilities submenu7
Give item / drop item4
Right click880
Select / deselect333
Select group hotkey839
Use ability156
2551 total
» units
Wisp48
Chimaera7
Hippogryph8
63 total
» upgrades
Strength of the Wild2
Reinforced Hides2
Corrosive Breath1
Nature's Blessing1
6 total
» buildings
Moon Well7
Hunter's Hall1
Altar of Elders1
Ancient Protector20
Tree of Ages1
Ancient of Wonders1
Tree of Eternity1
Ancient of Wind2
Tree of Life3
Chimaera Roost2
39 total
» build order
00:17 Moon Well
00:37 Hunter's Hall
01:29 Altar of Elders
01:46 Moon Well
02:16 Ancient Protector
02:37 Moon Well
02:50 Ancient Protector
03:22 Tree of Ages
03:37 Moon Well
03:56 Ancient of Wonders
04:40 Moon Well
04:43 Moon Well
05:48 Tree of Eternity
05:51 Ancient of Wind
06:00 Ancient Protector
06:52 Tree of Life
08:13 Chimaera Roost
08:14 Chimaera Roost
10:55 Ancient Protector
10:57 Ancient Protector
11:12 Ancient Protector
11:21 Ancient Protector
11:22 Ancient Protector
11:43 Ancient Protector
11:44 Ancient Protector
12:16 Ancient Protector
12:17 Ancient Protector
13:16 Ancient of Wind
14:04 Moon Well
14:50 Ancient Protector
14:50 Ancient Protector
14:50 Ancient Protector
18:09 Tree of Life
18:11 Ancient Protector
18:11 Ancient Protector
18:11 Ancient Protector
18:12 Ancient Protector
19:51 Tree of Life
» items
Staff of Teleportation2
Potion of Healing1
Scroll of Town Portal2
Orb of Venom1
Potion of Lesser Invulnerability3
Potion of Invisibility2
Scroll of Healing3
Boots of Speed1
15 total
NightElfdandurand (purple | 9 APM | 562 actions | 62:25)
Hero icon 4 Keeper of the Grove
Ability icon 2 Force of Nature
Ability icon 2 Thorns Aura

» actions
Assign group hotkey6
Basic commands20
Build / train30
Enter build submenu14
Enter hero's abilities submenu4
Right click247
Select / deselect179
Select group hotkey26
Use ability36
562 total
» units
Wisp13
Huntress3
Archer3
Druid of the Claw3
22 total
» upgrades
Druid of the Claw Training1
1 total
» buildings
Moon Well9
Altar of Elders1
Hunter's Hall1
Ancient of War2
Ancient of Wonders1
Tree of Ages1
Tree of Life1
Ancient of Lore2
Tree of Eternity1
19 total
» build order
00:53 Moon Well
01:09 Altar of Elders
01:30 Hunter's Hall
02:09 Ancient of War
02:12 Ancient of War
03:02 Moon Well
03:04 Moon Well
03:23 Ancient of Wonders
04:44 Moon Well
04:46 Moon Well
05:44 Moon Well
06:48 Moon Well
06:50 Moon Well
06:53 Tree of Ages
07:03 Moon Well
08:19 Tree of Life
09:16 Ancient of Lore
10:11 Ancient of Lore
10:59 Tree of Eternity
team 2
UndeadNooB4HiReOnDuty (green | 43 APM | 40 actions | 00:56)

» actions
Build / train2
Enter build submenu3
Right click24
Select / deselect8
Use ability3
40 total
» units
Acolyte2
2 total
» buildings
Crypt1
Graveyard1
Ziggurat1
3 total
» build order
00:22 Crypt
00:28 Graveyard
00:46 Ziggurat
HumanPallieDan (yellow | 133 APM | 4285 actions | 32:10)
Hero icon 7 Mountain King
Ability icon 3 Storm Bolt
Ability icon 3 Bash
Ability icon 1 Avatar
Hero icon 7 Death Knight
Ability icon 3 Death Coil
Ability icon 3 Unholy Aura
Ability icon 1 Animate Dead

» actions
Assign group hotkey39
Basic commands325
Build / train89
Enter build submenu59
Enter hero's abilities submenu19
Give item / drop item7
Right click1646
Select / deselect342
Select group hotkey1600
Use ability159
4285 total
» units
Peasant8
Ghoul7
Rifleman7
Frost Wyrm13
Siege Engine4
Flying Machine2
41 total
» upgrades
Creature Attack3
Creature Carapace2
Gunpowder3
Armor3
Long Rifles1
Freezing Breath2
Barrage1
15 total
» buildings
Altar of Kings1
Farm10
Ziggurat19
Altar of Darkness2
Lumber Mill3
Barracks3
Graveyard2
Blacksmith1
Halls of the Dead2
Scout Tower3
Spirit Tower1
Black Citadel2
Sacrificial Pit2
Guard Tower1
Arcane Vault1
Tomb of Relics2
Keep1
Boneyard6
Castle1
Town Hall3
Workshop3
Necropolis1
Nerubian Tower2
72 total
» build order
00:10 Altar of Kings
00:15 Farm
00:46 Ziggurat
00:49 Altar of Darkness
01:07 Altar of Darkness
01:44 Lumber Mill
01:53 Barracks
01:56 Barracks
02:07 Ziggurat
02:08 Ziggurat
02:14 Graveyard
02:20 Barracks
02:32 Farm
02:35 Farm
02:41 Blacksmith
02:48 Halls of the Dead
03:04 Farm
03:13 Halls of the Dead
03:31 Scout Tower
03:33 Scout Tower
03:34 Scout Tower
03:37 Lumber Mill
03:57 Spirit Tower
03:59 Ziggurat
04:03 Ziggurat
04:04 Ziggurat
04:05 Ziggurat
05:33 Black Citadel
05:35 Sacrificial Pit
05:40 Sacrificial Pit
05:50 Farm
05:50 Farm
05:54 Guard Tower
05:57 Arcane Vault
06:00 Tomb of Relics
06:04 Tomb of Relics
06:37 Keep
07:26 Black Citadel
07:50 Farm
07:51 Farm
09:11 Boneyard
09:12 Boneyard
09:14 Boneyard
09:46 Castle
09:51 Boneyard
09:52 Boneyard
09:53 Boneyard
10:43 Ziggurat
10:44 Ziggurat
10:44 Ziggurat
10:47 Ziggurat
10:48 Ziggurat
10:49 Ziggurat
11:12 Farm
11:13 Farm
12:07 Town Hall
12:44 Workshop
12:46 Workshop
15:00 Ziggurat
16:07 Workshop
17:43 Town Hall
18:13 Necropolis
18:16 Ziggurat
18:17 Ziggurat
18:18 Ziggurat
18:19 Ziggurat
18:55 Graveyard
20:56 Town Hall
22:21 Lumber Mill
30:47 Nerubian Tower
31:08 Nerubian Tower
» items
Boots of Speed1
1 total
NightElfGutEatingSavage (red | 52 APM | 3248 actions | 62:24)
Hero icon 10 Warden
Ability icon 3 Fan of Knives
Ability icon 3 Blink
Ability icon 3 Shadow Strike
Ability icon 1 Spirit of Vengeance

» actions
Assign group hotkey36
Basic commands42
Build / train27
Enter build submenu21
Enter hero's abilities submenu10
Give item / drop item5
Remove unit from queue1
Right click2142
Select / deselect185
Select group hotkey94
Use ability685
3248 total
» units
Wisp10
10 total
» buildings
Altar of Elders1
Moon Well18
Tree of Ages1
Tree of Eternity1
Tree of Life2
Nerubian Tower
23 total
» build order
01:09 Altar of Elders
01:21 Moon Well
01:24 Moon Well
01:26 Moon Well
02:19 Moon Well
02:25 Moon Well
02:47 Moon Well
03:22 Moon Well
04:06 Moon Well
04:06 Moon Well
04:07 Moon Well
04:11 Tree of Ages
05:40 Moon Well
10:16 Tree of Eternity
10:20 Moon Well
10:21 Moon Well
10:24 Moon Well
18:51 Tree of Life
19:50 Moon Well
19:51 Moon Well
19:53 Moon Well
19:55 Moon Well
28:31 Tree of Life
» items
Boots of Speed1
Periapt of Vitality2
Staff of Teleportation1
4 total
Random» UndeadResiliences (orange | 34 APM | 16 actions | 00:28)

» actions
Build / train2
Enter build submenu3
Right click6
Select / deselect4
Use ability1
16 total
» units
Acolyte2
2 total
» buildings
Crypt1
1 total
» build order
00:20 Crypt

Chat log

(00:25 / Allies) dandurand: all elf rush ^
(00:28 / All) NooB4HiReOnDuty: thats your new acc?
(00:32 / All) WARDENWELLS: yes aka kodos_forsaken
(00:37 / All) NooB4HiReOnDuty: arent you gbyejewsgbyejews?
(00:41 / All) Goodbye.Jews.: GOODBYE JEWS GOODBYE JEWS GOODBYE JEWS
(00:46 / All) WARDENWELLS: we just stabbed him last game lawl
(00:56 / All) Goodbye.Jews.: GOODBYE JEWS GOODBYE JEWS GOODBYE JEWS
(01:13 / All) Goodbye.Jews.: GOODBYE JEWS GOODBYE JEWS GOODBYE JEWS
(01:56 / Allies) WARDENWELLS: cc
(02:00 / Allies) Bloodofwar-: lol
(02:02 / Allies) Bloodofwar-: 4v2
(02:04 / Allies) Goodbye.Jews.: creep and count her
(02:05 / Allies) Bloodofwar-: rush
(02:08 / Allies) WARDENWELLS: they are good
(02:11 / Allies) WARDENWELLS: cc
(02:37 / Allies) dandurand: someone did priest hero for aura ^
(02:50 / Allies) dandurand: nvm

(04:19 / Allies) dandurand: SOON ready ^
(04:24 / Allies) WARDENWELLS: cc

(06:10 / Allies) WARDENWELLS: mine
(07:07 / Allies) WARDENWELLS: wood plz
(07:26 / Allies) dandurand: nice thx to stoone my expand
(07:28 / Allies) WARDENWELLS: take that
(07:34 / Allies) dandurand: wow
(07:41 / Allies) Goodbye.Jews.: he claimed it noob
(07:42 / All) WARDENWELLS: im slow in head
(07:56 / Allies) dandurand: yes i see
(08:01 / Allies) WARDENWELLS: i got dryads chims hippos

(09:57 / Allies) Goodbye.Jews.: wood

(11:27 / Allies) Bloodofwar-: wow blue
(11:34 / Allies) WARDENWELLS: blue is a moron ignore him
(11:35 / Allies) Goodbye.Jews.: ?
(11:42 / Allies) Bloodofwar-: y u take every item
(11:55 / Allies) WARDENWELLS: gold blue
(12:49 / Allies) Goodbye.Jews.: wood
(13:08 / Allies) Goodbye.Jews.: wood me
(13:14 / Allies) Bloodofwar-: item me
(13:48 / Allies) dandurand: more hip quick
(13:55 / Allies) WARDENWELLS: i got hippos
(13:57 / Allies) WARDENWELLS: and dryads
(14:07 / Allies) Goodbye.Jews.: dryads for me
(14:13 / Allies) dandurand: ypppp
(14:20 / All) Goodbye.Jews.: GOODBYE JEWS
(14:23 / Allies) WARDENWELLS: tp pink?
(14:35 / Allies) Bloodofwar-: no
(14:39 / Allies) Bloodofwar-: i need more aa
(14:40 / Allies) dandurand: niccccccccccccce i lose all my melee unit

(15:56 / Allies) Bloodofwar-: jesus
(15:57 / Allies) dandurand: give me a little bit gold for hero
(16:15 / Allies) dandurand: 155 more
(16:24 / Allies) dandurand: thx
(17:11 / Allies) Bloodofwar-: come teal
(17:18 / Allies) Bloodofwar-: nvm lol
(17:42 / Allies) WARDENWELLS: lets hti pink
(17:49 / Allies) dandurand: hipp for the win
(18:00 / Allies) dandurand: pink you hip
(18:13 / Allies) Bloodofwar-: we need to kill yellow'
(18:16 / Allies) Bloodofwar-: he masin tanks
(18:21 / Allies) WARDENWELLS: i raped his hall he cant
(19:06 / Allies) dandurand: quick attack dont wait
(19:30 / All) GutEatingSavage: OMG HE KILL ME TEAM KILELR!
(19:35 / All) Goodbye.Jews.: wtf
(19:39 / All) Goodbye.Jews.: you had a tker red?
(19:45 / All) GutEatingSavage: I think maybe!
(19:59 / All) GutEatingSavage: yeah!
(20:01 / All) GutEatingSavage: Oh my god!
(20:04 / All) GutEatingSavage: oh my terrible god!
(20:08 / All) Goodbye.Jews.: fucking tkers, hate them
(20:09 / All) GutEatingSavage: oh my terrible and loving god!

(22:46 / Allies) Bloodofwar-: im tpin
(23:03 / All) GutEatingSavage: Yellow can I have gloves of haste and ring of regeneration
(23:17 / All) GutEatingSavage: please man
(23:49 / Allies) Goodbye.Jews.: ?
(23:55 / Allies) Bloodofwar-: units
(24:32 / Allies) Bloodofwar-: lol tker
(24:35 / Allies) WARDENWELLS: sorry
(24:37 / Allies) WARDENWELLS: mis clicked
(24:38 / All) Goodbye.Jews.: fucking pink you tking noob
(24:45 / All) Goodbye.Jews.: why the ufck u kill my base?
(24:55 / Allies) Bloodofwar-: lol
(25:00 / Allies) dandurand: can i have 400 gold for my hero again
(25:01 / Allies) WARDENWELLS: coming blue dont die
(25:05 / Allies) dandurand: 300
(25:16 / Allies) WARDENWELLS: tp
(25:35 / Allies) WARDENWELLS: come
(25:36 / Allies) WARDENWELLS: tp
(25:37 / Allies) WARDENWELLS: man
(26:05 / Allies) dandurand: destoy is last basse
(26:51 / Allies) Bloodofwar-: lol come on man'
(27:00 / Allies) Bloodofwar-: u enjoy losing?
(27:03 / Allies) dandurand: plz i need that victory plz
(27:17 / Allies) Bloodofwar-: lol i like how u guys just waste ur timw
(27:44 / All) PallieDan: truly pathetic you lost so much
(27:47 / All) PallieDan: trying to BS me with 6 teams
(27:51 / All) Goodbye.Jews.: raped
(27:54 / All) WARDENWELLS: leave fag
(27:56 / All) WARDENWELLS: u suck
(28:21 / All) WARDENWELLS: RAPED
(28:23 / All) WARDENWELLS: u can leave yellow
(28:26 / All) WARDENWELLS: thank u
(28:28 / All) Goodbye.Jews.: leave noob
(28:34 / All) Goodbye.Jews.: GOODBYE JEWS GOODBYE JEWS GOODBYE JEWS
(28:51 / All) GutEatingSavage: I personally think Human is most imba in 4v4
(29:09 / All) WARDENWELLS: yellow my aka is drayen u never had a chance
(29:25 / All) PallieDan: riiight except was mowing you down til red suicided everything
(29:33 / All) Goodbye.Jews.: raped son, leave
(29:36 / All) WARDENWELLS: yellow, i am believe
(29:57 / Allies) dandurand: wow
(30:19 / All) WARDENWELLS: we werent even trying yellow
(30:19 / All) dandurand: -_- why me make me lose my time
(30:22 / All) WARDENWELLS: u were gonna mass wells
(30:39 / All) PallieDan: because purp its one guy controlling 3 teams
(30:42 / All) PallieDan: this is what he does, hes a loser
(30:44 / All) WARDENWELLS: we saw u trying to play ur best and we altered our strategy
(30:49 / All) WARDENWELLS: since we knew u would whine
(30:50 / All) Goodbye.Jews.: you got raped, don't be afraid to admit it yellow
(31:01 / Allies) dandurand: can we finish it plz
(31:08 / Allies) Goodbye.Jews.: yes
(31:10 / Allies) Goodbye.Jews.: we could
(31:12 / Allies) Goodbye.Jews.: but will we?
(31:34 / All) PallieDan: and just so you know I am gonna take the time to report the ladder abuse
(31:36 / All) PallieDan: youre a joke
(31:39 / All) WARDENWELLS: oh i see
(31:40 / All) Goodbye.Jews.: LOL
(31:48 / All) Goodbye.Jews.: blizzard don't care yellow you negro
(31:48 / All) PallieDan: I actually submit report and send replay
(31:51 / All) GutEatingSavage: good luck with that, sir
(31:55 / All) Goodbye.Jews.: blizzard won't look at it
(31:55 / All) WARDENWELLS: i waste cd keys like they're candy u dumb nigga
(31:58 / All) Goodbye.Jews.: Delete instantly
(31:58 / All) PallieDan: whether they do or not, Im actually gonna send it
(32:01 / All) Goodbye.Jews.: I also have 3 cd keys
(32:04 / All) GutEatingSavage: forward a copy to me and I'll report with you
(32:14 / All) Goodbye.Jews.: ^
(32:19 / All) WARDENWELLS: oru team loses
(32:27 / Allies) Goodbye.Jews.: purp you lost leave faggot
(32:42 / All) WARDENWELLS: i didn't realize til like 5 min ago thats all u have, orange's shit
(32:44 / Allies) dandurand: i need this victory for icon
(32:45 / All) Goodbye.Jews.: leave pink and purple
(32:46 / All) WARDENWELLS: i was like OH SHIT
(32:55 / All) GutEatingSavage: It's funny because immediately after giving me the items I had to fuck with the UD
(32:58 / All) Goodbye.Jews.: purple apparently wants the win for an icon
(33:00 / All) GutEatingSavage: I didn't intend to do that so quick
(33:05 / All) GutEatingSavage: but you guys pleaded
(33:09 / All) GutEatingSavage: lol
(33:14 / All) Goodbye.Jews.: purple, what icon do you get at 77 wins?
(33:16 / All) GutEatingSavage: Which icon purple?
(33:17 / All) Goodbye.Jews.: you are 76-81, awful
(33:26 / All) GutEatingSavage: Like he can't just get it the next game
(33:27 / All) WARDENWELLS: everytime i saw im just gonna screw around ie nd up playing normally
(33:29 / Allies) dandurand: how you know
(33:34 / All) WARDENWELLS: always douches like yellow
(33:40 / All) Goodbye.Jews.: /stats retard purple
(33:42 / All) WARDENWELLS: trying oh so hard for the win
(33:43 / All) Goodbye.Jews.: "how you know" he says
(34:21 / All) WARDENWELLS: 10 building left
(34:48 / Allies) dandurand: your not giving your self a defeat
(34:57 / Allies) Goodbye.Jews.: yes we are, we are 0-0 stabbers we do not care
(35:07 / Allies) Goodbye.Jews.: get the fuck out
(35:11 / Allies) Goodbye.Jews.: and kill yourself irl
(35:15 / Allies) Goodbye.Jews.: to do us all a favour
(35:28 / All) WARDENWELLS: free chims mr warden
(35:35 / All) GutEatingSavage: I still maintain life, life is a pigsty!
(35:41 / Allies) dandurand: wow seriously plz guys
(35:41 / All) GutEatingSavage: and if you don't know this, then what do you know
(35:47 / All) Goodbye.Jews.: wow seriously plz guys - purple
(35:50 / All) Goodbye.Jews.: He is begging for the win
(35:59 / All) Goodbye.Jews.: Unfortunatly, he will never get it :(
(36:15 / All) dandurand: i know you dont give a fuck but red probably love this game
(36:24 / All) WARDENWELLS: what lawl
(36:25 / All) Goodbye.Jews.: red is also 0-0, he is on our team
(36:36 / All) Goodbye.Jews.: go to middle to kill my shit for xp turncoat
(37:00 / All) WARDENWELLS: move itachi
(37:02 / All) WARDENWELLS: let him have fountain
(37:05 / All) Goodbye.Jews.: will take you forever to kill this jesus
(37:13 / All) WARDENWELLS: move
(37:16 / All) Goodbye.Jews.: I am
(37:20 / All) Goodbye.Jews.: They are not attacking
(37:55 / All) Goodbye.Jews.: purple you lost, get the fuck out jew
(38:44 / All) WARDENWELLS: U WANT 15 claws turncoat
(39:03 / Allies) dandurand: i hope you will win this game
(39:15 / All) WARDENWELLS: purple we are new red is good, how do we beat him
(39:40 / Allies) dandurand: .... nevermind its your game
(39:50 / Allies) dandurand: its just bad for me
(39:52 / All) GutEatingSavage: did fan range get nerfed
(40:00 / All) WARDENWELLS: i think it did
(40:08 / All) GutEatingSavage: It seems a lot less powerful
(40:17 / Allies) dandurand: can you make me win guys ^
(41:05 / All) WARDENWELLS: avatar duel
(41:07 / Allies) Goodbye.Jews.: autocast your well to hero my nigger
(41:10 / All) GutEatingSavage: Didn't get it
(41:25 / All) WARDENWELLS: avatar nigga
(41:30 / All) GutEatingSavage: I don't have avatar
(41:37 / All) WARDENWELLS: ITS IMPOSSIBLE ur lvl 9
(41:53 / All) Goodbye.Jews.: owned

(43:04 / All) WARDENWELLS: come itachi lets creep bot left
(43:16 / All) WARDENWELLS: shitty items there
(43:20 / All) Goodbye.Jews.: o rly
(43:27 / Allies) dandurand: you will win or no ^
(43:29 / All) WARDENWELLS: use that to creep
(43:33 / All) Goodbye.Jews.: exactly
(43:44 / All) GutEatingSavage: I believe I can take both of you
(43:55 / All) WARDENWELLS: only cuz u got that mask
(43:56 / All) dandurand: red can you leave
(43:58 / All) GutEatingSavage: no running away, blinking within a field of battle is fine
(44:03 / All) GutEatingSavage: Why would I leave
(44:10 / All) GutEatingSavage: I'm going to win
(44:14 / All) Goodbye.Jews.: He is right
(44:27 / All) GutEatingSavage: I earned this win
(44:30 / All) GutEatingSavage: Fuck you kid
(44:37 / All) Goodbye.Jews.: raped
(44:43 / All) WARDENWELLS: rim otacjo
(44:45 / All) WARDENWELLS: run
(45:35 / All) Goodbye.Jews.: why do you have 2 tp staves?
(45:49 / All) WARDENWELLS: forogt i already bought one
(46:15 / All) WARDENWELLS: i was pissed when i bought it, turncoast asked for help and i got nuked by 2 ud armies and yellow
(46:31 / All) GutEatingSavage: lawl
(46:32 / All) WARDENWELLS: come here retard ignore
(46:36 / All) WARDENWELLS: those creeps
(47:28 / All) Goodbye.Jews.: coming
(48:01 / All) WARDENWELLS: wtf
(48:16 / All) WARDENWELLS: LAWL
(48:19 / All) Goodbye.Jews.: god damn
(48:23 / All) WARDENWELLS: OH SHIT MY HERO DIED TOO HAHA
(48:26 / All) WARDENWELLS: from creeps
(48:28 / All) Goodbye.Jews.: ROFL
(48:30 / All) WARDENWELLS: wasn't paying attention
(48:33 / All) Goodbye.Jews.: raped
(48:44 / All) WARDENWELLS: that made melaugh,
(48:46 / All) GutEatingSavage: Purple
(48:49 / All) GutEatingSavage: Write me an essay
(48:54 / All) Goodbye.Jews.: Kill the horse god damn
(48:55 / All) GutEatingSavage: Tell me why in 250 words
(48:58 / All) Goodbye.Jews.: I want to see the item it drops
(49:00 / All) GutEatingSavage: you deserve this win
(49:31 / All) WARDENWELLS: oh i can rez at tavern
(49:45 / All) Goodbye.Jews.: lucky ass
(49:55 / All) WARDENWELLS: why
(50:03 / All) Goodbye.Jews.: I had 150 mana but had to blink away
(50:07 / All) GutEatingSavage: orbo f frost
(50:15 / All) WARDENWELLS: ur shadow strike somehow didnt kill him
(50:16 / All) Goodbye.Jews.: I got that early, like level 3
(50:19 / All) WARDENWELLS: have to rewatch replay
(50:28 / All) WARDENWELLS: turncoat cast his shadow strike and he blinked away
(50:32 / All) WARDENWELLS: i think it hit tree
(50:34 / All) Goodbye.Jews.: Just 2 bufoon wells top left
(50:38 / All) Goodbye.Jews.: *Buffoon
(50:48 / All) GutEatingSavage: Is purple still there
(50:49 / All) Goodbye.Jews.: Pink was 19-16
(50:53 / All) WARDENWELLS: yes
(50:55 / All) GutEatingSavage: I'm willing to concede the win to him
(51:00 / All) Goodbye.Jews.: He is probably AFK writing the essay
(51:02 / All) WARDENWELLS: i think yellow should lose actually
(51:06 / All) GutEatingSavage: If he explains why in his own words he deserves this win
(51:25 / All) GutEatingSavage: I think warden has been nerfed a bit
(51:43 / Allies) dandurand: thank you guy
(51:48 / All) Goodbye.Jews.: Purple is here
(51:54 / All) dandurand: am back
(51:54 / All) Goodbye.Jews.: thank you guy - purp
(51:56 / All) WARDENWELLS: fu
(52:06 / All) Goodbye.Jews.: 1 well to rule them all
(52:09 / All) dandurand: GG red
(52:16 / All) GutEatingSavage: Purple
(52:19 / All) GutEatingSavage: Do you want to win?
(52:21 / All) dandurand: yes
(52:38 / All) GutEatingSavage: Write me a convincing essay
(52:38 / All) dandurand: but its ok if you take it
(52:41 / All) GutEatingSavage: Why you should win
(52:45 / All) Goodbye.Jews.: Purple, you can win if you name all 87 presidents of the USA in order.
(52:58 / All) GutEatingSavage: Who was our 4th president? 10 seconds to answer
(53:01 / All) dandurand: haha
(53:28 / All) GutEatingSavage: James Madison, sir.
(53:30 / All) GutEatingSavage: WEll
(53:32 / All) GutEatingSavage: You failed that
(53:32 / All) dandurand: am french canadien you will hate me and my english is not enough good to explain you why i need this win
(53:43 / All) GutEatingSavage: Well explain as best you can
(53:50 / All) dandurand: its a serious account and i am looking for ican
(54:05 / All) GutEatingSavage: Well
(54:09 / All) GutEatingSavage: An ican, eh?
(54:11 / All) GutEatingSavage: What kind of ican?
(54:43 / Allies) dandurand: warcraft 3 its a nice game and am here for new icon am farming my ne icon 150 and this victory can help
(54:49 / Allies) Goodbye.Jews.: In all you moron
(54:53 / Allies) Goodbye.Jews.: This is allied chat
(55:27 / All) GutEatingSavage: Speak in all, sir
(55:30 / All) GutEatingSavage: I am no ally of yours
(55:45 / All) dandurand: lets lose
(56:03 / All) Goodbye.Jews.: That is not a good explanation on why you should win
(56:05 / All) Goodbye.Jews.: "lets lose"
(56:21 / Allies) Goodbye.Jews.: GOODBYE JEWS GOODBYE JEWS GOODBYE JEWS
(56:38 / All) dandurand: am not jews sorry but your name still funny
(56:47 / Allies) Goodbye.Jews.: Thank you sir
(56:57 / Allies) dandurand: its true :P
(57:05 / All) GutEatingSavage: Are you a fan of the illustrious Georges St-Pierre?
(57:09 / Allies) dandurand: am stone its just funny
(57:23 / All) dandurand: yes he is a good fighter
(57:39 / All) GutEatingSavage: Who do you think the best fighter is
(57:41 / All) dandurand: and he is speaking french like me he comme ffrom quebec like m
(58:12 / All) GutEatingSavage: Rory MacDonald is future greatest welterweight though
(58:13 / All) dandurand: see ya guy i will try to win the next one WEED FOR EVER
(58:26 / Allies) Goodbye.Jews.: The victor is not yet decided
(58:29 / Allies) Goodbye.Jews.: You might still win
(58:33 / All) dandurand: XD
(58:35 / Allies) dandurand: XD
(58:45 / Allies) Goodbye.Jews.: We are waiting on one last vote to decide the victor
(58:56 / Allies) Goodbye.Jews.: From teal, who has not voted. I voted yay to yellow losing.
(59:17 / All) GutEatingSavage: Purple if you want to win, you must forfeit. In this way you will incur a "tie." Otherwise...
(59:18 / All) GutEatingSavage: I must destroy you
(59:21 / All) GutEatingSavage: And you will lose
(59:27 / All) WARDENWELLS: PURPLE please leave the game
(59:37 / All) dandurand: red are you alone in your team ^
(59:41 / All) GutEatingSavage: Aye
(60:07 / All) dandurand: i will be afk so finish it chow chow
(60:08 / All) Goodbye.Jews.: GOODBYE JEWS GOODBYE JEWS GOODBYE JEWS
(60:27 / All) GutEatingSavage: So be it. You lose!
(61:13 / All) GutEatingSavage: Leave you unsavory homosexual.
(61:21 / All) GutEatingSavage: Communist dicksuck
(61:51 / All) GutEatingSavage: Take your socialist health care adn you stick it where the sun don't shine, you hear me frenchie?
(62:10 / All) Goodbye.Jews.: GOODBYE JEWS GOODBYE JEWS GOODBYE JEWS